 Dungeon Sprint DCSS version 0.19.1 (webtiles) character file.

6307 KingBobo974 the Peltast (level 10, -6/98 HPs)
             Began as a Deep Dwarf Fighter on Dec 17, 2016.
             Was the Champion of Okawaru.
             Mangled by a red draconian
             ... wielding a +0 glaive
              (7 damage)
             ... in the Dungeon (Sprint V: "Ziggurat Sprint").
             The game lasted 00:10:37 (338 turns).

KingBobo974 the Peltast (Deep Dwarf Fighter)         Turns: 338, Time: 00:10:39

Health: -6/98      AC: 31    Str: 36    XL:     10   Next: 63%
Magic:  0/10       EV:  4    Int:  8    God:    Okawaru [******]
Gold:   0          SH: 33    Dex: 12    Spells: 0 memorised, 9 levels left

rFire  . . .     SeeInvis +     X - +14 obsidian axe {chop, +Fly SInv *Curse}
rCold  . . .     Gourm    .     Y - +15 Maxwell's patent armour {-Cast -Tele rElec MR+ rCorr}
rNeg   + + .     Faith    .     Z - +18 shield of the Gong {rElec rN+ MR+ EV-5}
rPois  .         Spirit   +     (no helmet)
rElec  +         Reflect  .     (no cloak)
rCorr  +         Harm     .     (no gloves)
MR     +++..     NoTele   +     (no boots)
Stlth  .......... NoCast   +    m - amulet of Darkness {Spirit rN+}
                                R - +6 ring of strength
                                Q - +6 ring of strength

@: mesmerised, non-regenerating, studying 2 skills
A: damage resistance, recharge devices, sense surroundings 2, slow regeneration
3
a: Device Recharging, Heroism, Finesse, Renounce Religion, Evoke Flight


You were in the Dungeon.
You worshipped Okawaru.
Okawaru was exalted by your worship.
You were not hungry.

You visited 1 branch

Inventory:

Hand Weapons
 a - a +0 war axe
 V - the +6 Majin-Bo {vamp, Archmagi MP+6 Int+6}
   (You found it in the Dungeon)

   It inflicts no extra harm, but heals its wielder when it wounds a living foe.
   It affects your intelligence (+6).
   It affects your magic capacity (+6).
 W - the +10 dark maul {crush}
   (You found it in the Dungeon)

   It inflicts extra damage upon your enemies.
 X - the +14 obsidian axe (weapon) {chop, +Fly SInv *Curse}
   (You found it in the Dungeon)

   It inflicts extra damage upon your enemies.
   It lets you see invisible.
   It lets you fly.
   It may re-curse itself when equipped.
Armour
 b - a +0 scale mail
 c - a +0 shield
 t - a +3 large shield
 Y - the +15 Maxwell's patent armour (worn) {-Cast -Tele rElec MR+ rCorr}
   (You found it in the Dungeon)

   It insulates you from electricity.
   It affects your resistance to hostile enchantments.
   It prevents spellcasting.
   It prevents most forms of teleportation.
   It protects you from acid and corrosion.
 Z - the +18 shield of the Gong (worn) {rElec rN+ MR+ EV-5}
   (You found it in the Dungeon)

   It affects your evasion (-5).
   It insulates you from electricity.
   It protects you from negative energy.
   It affects your resistance to hostile enchantments.
Magical Staves
 T - an uncursed staff of energy
Jewellery
 m - the amulet of Darkness (around neck) {Spirit rN+}
   (You found it in the Dungeon)

   [amulet of guardian spirit]

   It causes incoming damage to be split between your health and magic.
   It protects you from negative energy.
 o - the ring of Deberph {Ice rPois}
   (You found it in the Dungeon)

   [ring of ice]

   It enhances your ice magic.
   It makes you vulnerable to fire.
   It protects you from cold.
   It protects you from poison.
 q - a +6 ring of dexterity
 r - a cursed +2 ring of intelligence
 s - the ring "Wemuast" {+Blink +Fly rElec Int-4 SInv}
   (You found it in the Dungeon)

   [ring of flight]

   It affects your intelligence (-4).
   It insulates you from electricity.
   It lets you see invisible.
   It lets you fly.
   It lets you blink.
 M - a +6 ring of dexterity
 N - a +6 ring of dexterity
 O - a +6 ring of intelligence
 P - a +6 ring of intelligence
 Q - a +6 ring of strength (left hand)
 R - a +6 ring of strength (right hand)
 S - an uncursed ring of flight
Wands
 e - a wand of heal wounds (2/9)
 I - a wand of disintegration (7/24)
 J - a wand of iceblast (5/15)
 K - a wand of lightning (5/15)
 L - a wand of acid (5/15)
Scrolls
 l - 4 scrolls of blinking
 w - 4 scrolls of amnesia
 x - 3 scrolls of recharging
 y - 7 scrolls of fog
 z - a scroll of brand weapon
 A - 5 scrolls of identify
 B - 4 scrolls of remove curse
 C - 2 scrolls of fear
Potions
 d - 6 potions of might
 g - 10 potions of curing
 h - 10 potions of heal wounds
 i - 6 potions of haste
 j - 7 potions of magic
 k - 3 potions of berserk rage
 D - 2 potions of brilliance
 E - 2 potions of invisibility
 F - 4 potions of resistance
 G - a potion of experience
 H - 5 potions of agility
Books
 n - a manual of Unarmed Combat
 p - a manual of Dodging
Miscellaneous
 U - a crystal ball of energy
Comestibles
 f - 5 bread rations
 u - 42 fruits
 v - 4 meat rations


   Skills:
 - Level 8.4 Fighting
 * Level 14.5 Axes
 * Level 15.1 Armour
 * Level 15.3 Shields


You had 9 spell levels left.
You didn't know any spells.

Dungeon Overview and Level Annotations

Branches:
Dungeon (1/1)

Altars:
Ashenzari
Cheibriados
Dithmenos
Elyvilon
Fedhas
Gozag
Hepliaklqana
Kikubaaqudgha
Makhleb
Nemelex Xobeh
Okawaru
Qazlal
Ru
Sif Muna
Trog
Uskayaw
Vehumet
Xom
Yredelemnul
Zin
The Shining One
Beogh
Jiyva
Lugonu


Innate Abilities, Weirdness & Mutations

You are resistant to damage.
You can recharge devices by infusing magical energy.
You passively map the area around you.
You do not regenerate.


Message History

Visions of slaying the orb of fire flood into your mind.
The red draconian hits you but does no damage.
The red draconian hits you from afar with a glaive.
The orb of fire emits a lurid red light.
The bolt of fire hits you!
* * * LOW HITPOINT WARNING * * *
You slash the orb of fire! You open a gate to Pandemonium!
A demon appears!
The orb of fire is lightly damaged.
You hit the white draconian. You block the white draconian's attack.
GONNNNG!
The white draconian hits your smoke demon with a broad axe!
The green draconian evokes its amulet.
The green draconian goes berserk!
You block the mottled draconian's attack.
GONNNNG!
The red draconian breathes flames at you.
The searing blast hits the orb of fire.
The orb of fire completely resists.
The searing blast hits you!
* * * LOW HITPOINT WARNING * * *
The red draconian hits you from afar with a glaive!
You die...

,,,, ,,
▓.........▓...(...▓ * *
▓▓▓▓▓▓▓▓▓▓▓▓▓▓▓▓▓▓▓▓▓ ,
8 8 ,
▓...8©8...▓...8©8...▓ *
, ▓..)).....▓..|[)||..▓
, , , ,
▓..)[)="..▓...:=}}..▓ ,
,,
▓....d....▓.........▓ ,
, ▓.ddddd...▓.........▓
* ▓..d*dd...▓...)))...▓
, ,,
▓...@3....▓...).....▓ *
, ▓....§....▓.........▓
, ,,
▓.▓..§..▓.▓.........▓ ,
,,▓....§....▓▓▓▓▓▓▓▓▓▓▓
** ▓▓▓▓▓▓▓▓▓▓▓* * * ,,,
8 , , , , © , , ,,,, ,
, ,, ,, ,,* ,, , , , ,,
, ,,


You could see an orb of fire, a black draconian, 2 draconians, 2 draconians, a
purple draconian, 2 draconians, a white draconian and a friendly smoke demon.

Vanquished Creatures
  A deep elf knight (D)
  2 deep elf archers (D)
  2 deep elf magi (D)
  3 naga magi (D)
  A two-headed ogre (shapeshifter) (D)
  An air elemental (D)
  A tarantella (D)
  A golden eye (D)
  6 nagas (D)
  2 floating eyes (D)
  3 water moccasins (D)
  A black bear (shapeshifter) (D)
  2 phantoms (D)
  7 scorpions (D)
  3 orc priests (D)
  A jelly (D)
  3 orc wizards (D)
  An adder (D)
  2 adder zombies (D)
  2 adder skeletons (D)
  2 orcs (D)
  4 ball pythons (D)
  A giant cockroach zombie (D)
52 creatures vanquished.

Vanquished Creatures (collateral kills)
  A jumping spider (D)
  A golden eye (shapeshifter) (D)
2 creatures vanquished.

Vanquished Creatures (others)
  A spatial maelstrom (D)
1 creature vanquished.

Grand Total: 55 creatures vanquished

Notes
Turn   | Place    | Note
-------+----------+-------------------------------------------
     0 | D        | KingBobo974 the Deep Dwarf Fighter began the quest for the Orb.
     0 | D        | Reached XP level 1. HP: 20/20 MP: 1/1
     0 | D        | Found a blossoming altar of Fedhas.
     1 | D        | Banished a spatial maelstrom
     7 | D        | Found a viscous altar of Jiyva.
     7 | D        | Found a hazy altar of Hepliaklqana.
     7 | D        | Found an opulent altar of Gozag.
     7 | D        | Found an ancient bone altar of Kikubaaqudgha.
     7 | D        | Found a corrupted altar of Lugonu.
    10 | D        | Found a burning altar of Makhleb.
    11 | D        | Found a sacrificial altar of Ru.
    11 | D        | Found a stormy altar of Qazlal.
    11 | D        | Found a deep blue altar of Sif Muna.
    11 | D        | Found an iron altar of Okawaru.
    11 | D        | Found a bloodstained altar of Trog.
    11 | D        | Found a sparkling altar of Nemelex Xobeh.
    91 | D        | Became a worshipper of Warmaster Okawaru
   104 | D        | Entered arena 1.
   104 | D        | Noticed an orc priest
   110 | D        | Killed an orc priest
   110 | D        | Reached XP level 2. HP: 19/30 MP: 2/2
   110 | D        | Reached XP level 3. HP: 23/36 MP: 3/3
   127 | D        | Entered arena 2.
   127 | D        | Noticed a two-headed ogre
   127 | D        | Noticed a golden eye
   127 | D        | Noticed a soldier ant
   127 | D        | Noticed a black bear
   127 | D        | a soldier ant changed into a black bear
   135 | D        | Killed a two-headed ogre
   135 | D        | Reached * piety under Okawaru
   135 | D        | Reached ** piety under Okawaru
   135 | D        | Reached skill level 5 in Axes
   135 | D        | Reached XP level 4. HP: 35/49 MP: 4/4
   135 | D        | Reached XP level 5. HP: 41/56 MP: 5/5
   135 | D        | Killed a black bear
   135 | D        | Reached XP level 6. HP: 48/66 MP: 6/6
   135 | D        | Killed a golden eye
   147 | D        | Entered arena 3.
   147 | D        | Noticed a tarantella
   151 | D        | Reached XP level 7. HP: 53/73 MP: 7/7
   152 | D        | Killed a tarantella
   152 | D        | Reached *** piety under Okawaru
   167 | D        | Entered arena 4.
   167 | D        | Noticed a golden eye
   170 | D        | Reached skill level 10 in Shields
   170 | D        | Reached skill level 10 in Armour
   172 | D        | Killed a golden eye
   172 | D        | Reached XP level 8. HP: 60/82 MP: 8/8
   183 | D        | Entered arena 5.
   183 | D        | Noticed a jumping spider
   186 | D        | Reached **** piety under Okawaru
   189 | D        | Killed a jumping spider
   189 | D        | Reached skill level 10 in Axes
   205 | D        | Got the amulet of Darkness {Spirit rN+}
   209 | D        | Entered arena 6.
   224 | D        | Got the ring of Deberph {Ice rPois}
   229 | D        | Entered arena 7.
   229 | D        | Noticed a deep elf knight
   229 | D        | Noticed a deep elf archer
   229 | D        | Noticed an air elemental
   229 | D        | Noticed a deep elf mage
   229 | D        | Noticed a deep elf mage
   229 | D        | Noticed a deep elf archer
   233 | D        | Killed an air elemental
   235 | D        | Killed a deep elf knight
   235 | D        | Reached ***** piety under Okawaru
   235 | D        | Gained mutation: You passively map the area around you. [Deep Dwarf growth]
   235 | D        | Reached XP level 9. HP: 54/90 MP: 0/9
   239 | D        | Killed a deep elf mage
   240 | D        | Killed a deep elf archer
   242 | D        | Killed a deep elf mage
   242 | D        | Received a gift from Okawaru
   245 | D        | Killed a deep elf archer
   245 | D        | Reached XP level 10. HP: 59/98 MP: 0/10
   260 | D        | Entered arena 8.
   283 | D        | Entered arena 9.
   283 | D        | Noticed a naga mage
   283 | D        | Noticed a naga mage
   292 | D        | Killed a naga mage
   292 | D        | Killed a naga mage
   303 | D        | Got the ring "Wemuast" {+Blink +Fly rElec Int-4 SInv}
   312 | D        | Entered arena 10.
   312 | D        | Noticed a naga mage
   321 | D        | Killed a naga mage
   321 | D        | Reached ****** piety under Okawaru
   321 | D        | Reached skill level 15 in Armour
   321 | D        | Reached skill level 15 in Shields
   334 | D        | Entered arena 11.
   334 | D        | Noticed a red draconian
   334 | D        | Noticed a mottled draconian
   334 | D        | Noticed a purple draconian
   334 | D        | Noticed a white draconian
   334 | D        | Noticed a red draconian
   335 | D        | Noticed an orb of fire
   335 | D        | Noticed a mottled draconian
   335 | D        | Noticed a green draconian
   335 | D        | Noticed a green draconian
   335 | D        | Noticed a black draconian
   337 | D        | HP: 4/98 [orb of fire/bolt of fire (43)]
   338 | D        | HP: 1/98 [red draconian/searing blast (3)]
   338 | D        | Mangled by a red draconian

Skill      XL: |  1  2  3  4  5  6  7  8  9 10 |
---------------+-------------------------------+-----
Fighting       | 4 6 7 8 |  8.4
Axes           | 3 5 6 7 9 11 13 14 | 14.5
Armour         | 4 7 8 10 12 14 15 | 15.1
Shields        | 4 7 8 9 10 12 14 15 | 15.3

Action                   |  1- 3 |  4- 6 |  7- 9 | 10-12 || total
-------------------------+-------+-------+-------+-------++-------
Melee: Broad axe         |    10 |     3 |    25 |    27 ||    65
Evoke: Wand              |     1 |       |       |     2 ||     3
  Use: Scroll            |       |       |     1 |       ||     1
Armor: Plate armour      |    17 |     1 |     2 |     9 ||    29
Dodge: Dodged            |       |       |       |     1 ||     1
Block: Shield            |    14 |     5 |    28 |    42 ||    89
